 Dungeon Crawl Stone Soup version 0.25-a0-1113-g0499d652a8 (webtiles) character file.

Game seed: 17363200288060548800, levelgen mode: deterministic

42 Esekla the Magician (level 3, -9/22 HPs)
             Began as an Octopode Wizard on May 16, 2020.
             Mangled by an iguana (14 damage)
             ... on level 4 of the Dungeon.
             The game lasted 00:12:28 (1874 turns).

Esekla the Magician (Octopode Wizard)               Turns: 1874, Time: 00:12:29

Health: -9/22      AC:  1    Str:  6    XL:     3   Next: 56%
Magic:  2/8        EV: 13    Int: 21    God:
Gold:   174        SH:  0    Dex: 10    Spells: 0/9 levels left

rFire    . . .     SeeInvis .   s - +0 falchion
rCold    . . .     Gourm    .   (no shield)
rNeg     . . .     Faith    .   a - +0 hat
rPois    .         Spirit   .   (no amulet)
rElec    .         Reflect  .   (no ring)
rCorr    .         Harm     .   (no ring)
MR       .....                  (no ring)
Stlth    +++.......             (no ring)
HPRegen  0.07/turn              (no ring)
MPRegen  0.11/turn              (no ring)
                                (no ring)
                                (no ring)

@: very slightly contaminated
A: almost no armour, stealthy swim, amphibious, 8 rings, constrict 8, camouflage
1, gelatinous body 1
a: no special abilities


You were on level 4 of the Dungeon.
You were near starving.

You visited 1 branch of the dungeon, and saw 4 of its levels.

You collected 174 gold pieces.

Inventory:

Hand Weapons
 g - a +0 dagger
 s - a +0 falchion (weapon)
Missiles
 e - 7 boomerangs (quivered)
 l - 3 poisoned darts
Armour
 a - a +0 hat (worn)
Wands
 p - a wand of acid (8)
Scrolls
 b - a scroll of teleportation {unknown}
 h - a scroll of remove curse {unknown}
 j - a scroll of blinking {unknown}
 k - 2 scrolls of identify {unknown}
 m - a scroll of amnesia {unknown}
 n - a scroll of enchant weapon {unknown}
Potions
 d - a potion of haste {unknown}
 f - a potion of might {unknown}
 i - 2 potions of heal wounds {unknown}
 o - a potion of lignification {unknown}
 q - 2 potions of flight {unknown}
 r - a potion of degeneration {unknown}
Comestibles
 c - 6 rations


   Skills:
 * Level 0.6 Fighting
 + Level 2.2 Dodging
 - Level 2.6 Stealth
 * Level 3.7 Spellcasting
 + Level 1.3 Conjurations
   Level 1.0 Summonings
 * Level 1.0 Translocations
 * Level 0.4 Fire Magic
 * Level 0.2 Air Magic


You couldn't memorise any spells.
You knew the following spells:

 Your Spells              Type           Power        Failure   Level  Hunger
a - Magic Dart            Conj           #...         7%          1    None
b - Blink                 Tloc           N/A          12%         2    ##.....
c - Mephitic Cloud        Conj/Pois/Air  #.......     30%         3    ###....
f - Conjure Flame         Conj/Fire      #.......     26%         3    ###....

Your spell library contained the following spells:

 Spells                   Type           Power        Failure   Level  Hunger
 Corona                   Hex            #......      12%         1    None
 Call Imp                 Summ           #.......     12%         2    ##.....
 Ensorcelled Hibernation  Hex/Ice        #.....       19%         2    ##.....
 Slow                     Hex            #.......     19%         2    ##.....
 Dazzling Flash           Conj/Hex       #.....       28%         3    ###....
 Confusing Touch          Hex            #.......     36%         3    ###....
 Tukima's Dance           Hex            #.......     36%         3    ###....


Dungeon Overview and Level Annotations

Branches:
Dungeon (4/15)
 Temple: D:4-7

Altars:
Okawaru


Innate Abilities, Weirdness & Mutations

You cannot wear most types of armour.
You are very stealthy in the water. (Stealth+)
You are amphibious.
You can wear up to eight rings at the same time.
You can use your tentacles to constrict eight enemies at once.
Your skin changes colour to match your surroundings (Stealth+).
Your rubbery body absorbs attacks. (AC +1, EV +1)


Message History

You constrict the iguana. The iguana misses you.
Casting: Magic Dart (safe; 7% risk of failure)
Confirm with . or Enter, or press ? or * to list all spells.
Aiming: Magic Dart (safe; 7% risk of failure)
Press: ? - help, Shift-Dir - straight line, f/p - iguana
Aim: an iguana (heavily wounded, constricted by you)
The magic dart hits the iguana.
The iguana is heavily wounded.
You constrict the iguana. The iguana bites you!
* * * LOW HITPOINT WARNING * * *
Casting: Magic Dart (safe; 7% risk of failure)
Confirm with . or Enter, or press ? or * to list all spells.
Aiming: Magic Dart (safe; 7% risk of failure)
Press: ? - help, Shift-Dir - straight line, f/p - iguana
Aim: an iguana (severely wounded, constricted by you)
The magic dart hits the iguana.
The iguana is severely wounded.
You constrict the iguana. The iguana bites you!
Ouch! That really hurt!
You die...

#............#
#...........##
#..########## #..#
#..# #..# ###..##
#..#####.....#
#..)..@ll.##.......
#...########
##..... . ##... ##


You could see an iguana and a leopard gecko.

Vanquished Creatures
  An adder (D:2)
  An ooze (D:3)
  2 leopard geckos
  An orc (D:4)
  A ball python (D:3)
  3 bats
  4 goblins
  2 hobgoblins (D:1)
  4 kobolds
  A quokka (D:4)
  2 frilled lizards (D:2)
  4 rats
26 creatures vanquished.

Vanquished Creatures (others)
  3 toadstools (D:1)
3 creatures vanquished.

Grand Total: 29 creatures vanquished

Notes
Turn   | Place    | Note
-------+----------+-------------------------------------------
     0 | D:1      | Esekla the Octopode Wizard began the quest for the Orb.
     0 | D:1      | Reached XP level 1. HP: 11/11 MP: 4/4
   138 | D:1      | Reached XP level 2. HP: 1/17 MP: 0/6
   590 | D:2      | Learned a level 2 spell: Blink
   830 | D:2      | Reached XP level 3. HP: 22/22 MP: 5/8
   835 | D:2      | Learned a level 3 spell: Mephitic Cloud
   839 | D:2      | Learned a level 3 spell: Conjure Flame
  1067 | D:3      | Found an iron altar of Okawaru.
  1548 | D:4      | Noticed a slave
  1874 | D:4      | Mangled by an iguana

Illustrated notes

Levels and vault maps discovered:
D:1:      giann_horns, layout_rooms, minmay_gold_behind_fungi,
          serial_bayou_lagoon_b
D:2:      layout_basic, lemuel_crystal_altar
D:3:      layout_loops_ring, zin_angel, kennysheep_okawaru_gauntlet,
          corexii_item_surrounded_by_moat
D:4:      layout_cave_pods, uniq_pikel

Action                   || total
-------------------------++-------
Melee: Unarmed           ||    14
       Constrict         ||    13
       Tentacles         ||     5
       Dagger            ||    21
       Falchion          ||     2
 Cast: Magic Dart        ||    50
  Eat: Chunk             ||     1
Armor: Skin              ||     3
Dodge: Dodged            ||    40
       Rpst.: Falchion   ||     2

Table legend:
 A = Non-vault XP
 B = Vault XP
 C = Vault XP percentage of total XP
 D = Non-vault monster count
 E = Vault monster count
 F = Vault count percentage of total count
                 A         B        C        D         E       F
            +---------+---------+-------+---------+---------+-------
      Total |      61 |       0 |   0.0 |      26 |       0 |   0.0
            +---------+---------+-------+---------+---------+-------
        D:1 |      14 |       0 |   0.0 |       7 |       0 |   0.0
        D:2 |      25 |       0 |   0.0 |       9 |       0 |   0.0
        D:3 |      17 |       0 |   0.0 |       8 |       0 |   0.0
        D:4 |       5 |       0 |   0.0 |       2 |       0 |   0.0
            +---------+---------+-------+---------+---------+-------
